 Dungeon Crawl Stone Soup version 0.28-a0-1213-g0243856f03 (webtiles) character file.

Game seed: 15916561743987888977

59 frimble the Grasshopper (level 3, 0/40 HPs)
             Began as a Demonspawn Warper on Dec 22, 2021.
             Succumbed to an adder's poison
             ... on level 3 of the Dungeon.
             The game lasted 00:02:11 (1180 turns).

frimble the Grasshopper (Demonspawn Warper)         Turns: 1180, Time: 00:02:12

Health: 0/40       AC:  5    Str: 11    XL:     3   Next: 78%
Magic:  6/6        EV: 12    Int: 16    God:
Gold:   37         SH:  0    Dex: 12    Spells: 4/6 levels left

rFire   . . .      SeeInvis .   j - +0 rapier
rCold   . . .      Faith    .   (no shield)
rNeg    . . .      Spirit   .   b - +0 leather armour
rPois   .          Reflect  .   f - +0 helmet
rElec   .          Harm     .   g - +0 cloak
rCorr   .          Rampage  .   (no gloves)
Will    .....                   (no boots)
Stlth   ..........              (no amulet)
HPRegen 0.13/turn               (no ring)
MPRegen 0.10/turn               (no ring)

@: berserking (expiring), lethally poisoned (0 -> -3), very quick
A: hooves 1
a: no special abilities


You were on level 3 of the Dungeon.
You visited 1 branch of the dungeon, and saw 3 of its levels.

You collected 37 gold pieces.

Inventory:

Hand Weapons
 a - a +0 falchion
 j - a +0 rapier (weapon)
Missiles
 d - 5 boomerangs of dispersal (quivered)
Armour
 b - a +0 leather armour (worn)
 f - a +0 helmet (worn)
 g - a +0 cloak (worn)
Scrolls
 c - 2 scrolls of blinking
 i - a scroll of fog
Potions
 e - a potion of brilliance


   Skills:
 - Level 2.0 Fighting
 + Level 1.6(2.4) Short Blades
 - Level 2.6(2.9) Long Blades
 - Level 0.8 Throwing
 - Level 0.8 Armour
 - Level 2.5 Dodging
 - Level 2.0 Spellcasting
 - Level 2.6 Translocations


You had 4 spell levels left.
You knew the following spells:

 Your Spells              Type           Power      Damage    Failure   Level
a - Blink                 Tloc           20%        N/A       14%         2

Your spell library contained the following spells:

 Spells                   Type           Power      Damage    Failure   Level
 Pain                     Necr           4%         1d4       26%         1
 Gell's Gravitas          Tloc           10%        N/A       26%         3
 Lesser Beckoning         Tloc           10%        N/A       26%         3
 Teleport Other           Tloc           10%        N/A       26%         3
 Manifold Assault         Tloc           10%        N/A       94%         5
 Agony                    Necr           1%         N/A       100%        5
 Excruciating Wounds      Necr           0%         N/A       100%        5


Dungeon Overview and Level Annotations

Branches:
Dungeon (3/15)

Altars:


Innate Abilities, Weirdness & Mutations

You have large cloven feet.


Message History

The adder is almost dead.
You feel sick. The adder barely misses you.
You closely miss the adder.
The adder is almost dead.
You feel sick. The adder bites you.
You are more poisoned.
The adder poisons you! The adder bites you.
* * * LOW HITPOINT WARNING * * *
You are more poisoned.
The adder poisons you!
You hit the adder.
You kill the adder!
* * * LOW HITPOINT WARNING * * *
You feel very sick. The adder closely misses you.
Your base Short Blades skill increases to level 1!
It was a potion of berserk rage.
A red film seems to cover your vision as you go berserk!
You feel yourself moving faster!
You feel mighty!
* * * LOW HITPOINT WARNING * * *
You feel sick. The adder bites you but does no damage.
You miss the adder.
* * * LOW HITPOINT WARNING * * *
You feel sick. The adder misses you.
You puncture the adder!
The adder is almost dead.
* * * LOW HITPOINT WARNING * * *
You feel sick. The adder bites you but does no damage.
You miss the adder.
The adder is almost dead.
* * * LOW HITPOINT WARNING * * *
You feel sick. The adder bites you but does no damage.
You puncture the adder!
You kill the adder!
* * * LOW HITPOINT WARNING * * *
You feel sick.
You feel a strong urge to attack something.
* * * LOW HITPOINT WARNING * * *
You feel sick.
You die...

##....### #. .......<.
#. #.......# #.
#$....#.. #. #......#.
#. #.... . . #.##
#..$.## . #..# #.... .
#@# ##.... . #.# #.....
#w#####.... #........##
#.###.....##.#
S#######§.##.........
≈≈≈S.§§..§§..######..
≈....§§§.§§#........
.....§§...(..####.....#


You could see a worm.

Vanquished Creatures
  4 adders (D:3)
  A dart slug (D:2)
  4 bats (D:1)
  An endoplasm (D:1)
  2 giant cockroaches
  2 goblins
  A quokka (D:1)
  2 ball pythons
  4 frilled lizards
  A kobold (D:3)
  A rat (D:1)
23 creatures vanquished.

Notes
Turn   | Place    | Note
-------+----------+-------------------------------------------
     0 | D:1      | frimble the Demonspawn Warper began the quest for the Orb.
     0 | D:1      | Reached XP level 1. HP: 16/16 MP: 3/3
   402 | D:1      | Gained mutation: You have large cloven feet. [demonic
                  | ancestry]
   402 | D:1      | Reached XP level 2. HP: 22/22 MP: 5/5
   661 | D:1      | Found a faded altar of an unknown god.
   882 | D:2      | Learned a level 2 spell: Blink
  1011 | D:3      | Noticed a centaur
  1077 | D:3      | Reached XP level 3. HP: 19/27 MP: 6/6
  1173 | D:3      | Reached skill level 1 in Short Blades
  1176 | D:3      | HP: 2/40 [poisoned by an adder]
  1180 | D:3      | Succumbed to an adder's poison

Illustrated notes

Levels and vault maps discovered:
D:1:      dpeg_arrival_leaves_temple_mockup, layout_basic,
          hellmonk_ecumenical_altar_inner_sanctum
D:2:      layout_rooms
D:3:      layout_rooms, lightli_sewer_entry_pipes, goddamned_bats

Skill      XL: |  1  2  3 |
---------------+----------+-----
Long Blades    | 2 |  2.6
Dodging        | 2 |  2.5
Short Blades   | 1 |  1.6
Fighting       | |  2.0
Throwing       | |  0.8
Armour         | |  0.8
Spellcasting   | |  2.0
Translocations | |  2.6

Action                   || total
-------------------------++-------
Melee: Falchion          ||    54
       Kick              ||    10
       Rapier            ||    24
  Use: Scroll            ||     3
       Potion            ||     1
Armor: Leather armour    ||    33
Dodge: Dodged            ||    46

Table legend: (Time is in decaauts)
 A = Elapsed time spent in this place.
 B = Non-inter-level travel time spent in this place.
 C = Inter-level travel time spent in this place.
 D = Time resting spent in this place.
 E = Time spent auto-exploring this place.
 F = Levels seen in this place.
 G = Mean time per level.
                   A        B        C        D        E       F      G
               +--------+--------+--------+--------+--------+-----+--------+
         Total |   1191 |   1121 |     70 |     22 |    813 |   3 |  397.0 |
       Dungeon |   1191 |   1121 |     70 |     22 |    813 |   3 |  397.0 |
               +--------+--------+--------+--------+--------+-----+--------+

Top non-repeatable levels by time:
     D:1: 924 daAuts
     D:2: 142 daAuts
     D:3: 124 daAuts
